 Dungeon Crawl Stone Soup version 0.15-a0-413-gc6111ba (webtiles) character file.

3304 4tharraofdagon the Spear-Bearer (level 9, -2/71 HPs)
             Began as a Merfolk Gladiator on May 5, 2014.
             Was a Priest of Makhleb.
             Shot with an arrow by a centaur (4 damage)
             ... on Level 11 of the Dungeon.
             The game lasted 00:19:22 (2783 turns).

4tharraofdagon the Spear-Bearer (Merfolk Gladiator) Turns: 2783, Time: 00:19:22

HP  -2/71        AC 12     Str 18      XL: 9   Next: 89%
MP  14/14        EV  7     Int  7      God: Makhleb [***...]
Gold 224         SH  0     Dex 15      Spells:  0 memorised,  8 levels left

rFire  . . .     SeeInvis .     u - +2,+0 halberd (venom)
rCold  + . .     Clarity  .     y - +2 chain mail (curse)
rNeg   . . .     Conserve .     (no shield)
rPois  +         rCorr    .     c - +0 helmet
rElec  .         rRot     .     (no cloak)
SustAb . .       Spirit   .     (no gloves)
rMut   .         Warding  .     (no boots)
Saprov . . .     Stasis   .     (no amulet)
MR     .....                    E - ring of protection from cold
                                z - ring of poison resistance

@: not resistant to hostile enchantments, extremely unstealthy
A: change form in water, swift swim
a: Minor Destruction, Lesser Servant of Makhleb, Renounce Religion


You were on level 11 of the Dungeon.
You worshipped Makhleb.
Makhleb was most pleased with you.
You were not hungry.

You visited 2 branches of the dungeon, and saw 12 of its levels.
You also visited: Bailey.

You collected 324 gold pieces.
You spent 100 gold pieces at shops.

Inventory:

Hand weapons
 a - a +0,+0 trident
 r - a +0,+0 trident
 u - a +2,+0 halberd of venom (weapon)
 v - a +2,+1 spear of dragon slaying
 B - a cursed +0,-3 trident
Missiles
 F - a throwing net (quivered)
Armour
 b - a +0 leather armour
 c - a +0 helmet (worn)
 y - a cursed +2 chain mail (worn)
Magical devices
 o - a wand of teleportation (3)
 D - a wand of hasting (4)
Comestibles
 d - 4 chunks of yak flesh
 f - a bread ration
 g - a meat ration
 l - a pear
Scrolls
 e - a scroll of fear {unknown}
 h - 3 scrolls of teleportation
 i - 2 scrolls of blinking {unknown}
 k - 2 scrolls of random uselessness {unknown}
 m - a scroll of recharging {unknown}
 p - 2 scrolls of enchant weapon I {unknown}
 q - a scroll of enchant armour
 t - 3 scrolls of remove curse
 w - 2 scrolls of fog
 x - a scroll of enchant weapon II
 G - a scroll of immolation {unknown}
Jewellery
 z - a ring of poison resistance (left hand)
 E - a ring of protection from cold (right hand)
Potions
 C - a potion of degeneration
 H - a potion of brilliance
Books
 A - a book of Dreams

   Spells                             Type                      Level
   Ensorcelled Hibernation            Hexes/Ice                    2
   Flight                             Charms/Air                   3
   Phase Shift                        Translocation                5
   Shadow Creatures                   Summoning                    5
   Mass Confusion                     Hexes                        6
   Darkness                           Hexes                        7


   Skills:
 + Level 6.8 Fighting
 * Level 12.4 Polearms
 - Level 2.0 Throwing
 + Level 3.4 Armour
 + Level 9.1 Dodging
 + Level 3.5 Evocations


You had 8 spell levels left.
You didn't know any spells.

Dungeon Overview and Level Annotations

Branches:
Dungeon (11/15)            Temple (1/1) D:5             Orc (0/4) D:10
   Lair: D:8-11

Altars:
Ashenzari
Dithmenos
Elyvilon
Fedhas
Kikubaaqudgha
Makhleb
Nemelex Xobeh
Okawaru
Sif Muna
Trog
Xom
Yredelemnul
Zin
The Shining One

Shops:
D:4 ??


Message History

The orc corpse disappears without a sign.
Makhleb is most pleased with you.
You feel a little less mighty now.
w - 2 scrolls of fog (gained 1)
Items here: )) [[ a dagger; a ring mail; a battleaxe; a chain mail A centaur comes into view.
The centaur shouts!
The centaur wields a bow.
The centaur shoots an arrow.
The arrow hits you but does no damage.
You see here an arrow.
Unknown command.
The centaur shoots an arrow.
The arrow hits you.
* * * LOW HITPOINT WARNING * * *
You see here an arrow.
Unknown command.
Unknown command.
Unknown command.
The centaur shoots an arrow.
The arrow hits you.
You die...

#.c.....
##........
.........#
#........#
#...!....# #
#........# ...
#.(......#
......###(####.##
.......)@.)....#
################


You could see a centaur.

Vanquished Creatures
  A wyvern (D:8)
  8 yaks
  3 orc warriors
  A necrophage (D:9)
  2 ice beasts
  3 ogres
  2 centaurs
  4 giant frogs
  A troll skeleton (D:7)
  2 goliath beetles
  2 worker ants
  3 hounds
  4 iguanas
  2 orc wizards
  A hound skeleton (D:4)
  A mummy (D:8)
  4 adders
  A giant mite (D:7)
  2 inept item mimics
  2 giant eyeballs
  An ooze (D:6)
  10 orcs
  2 bats
  A bat skeleton (D:8)
  5 giant cockroaches
  5 goblins
  7 hobgoblins
  6 quokkas
  A giant gecko (D:7)
  2 giant newts
  5 kobolds
  6 rats
100 creatures vanquished.

Notes
Turn   | Place    | Note
--------------------------------------------------------------
     0 | D:1      | 4tharraofdagon, the Merfolk Gladiator, began the quest for the Orb.
     0 | D:1      | Reached XP level 1. HP: 16/16 MP: 1/1
    24 | D:2      | Reached XP level 2. HP: 10/23 MP: 2/2
   128 | D:4      | Found Meczatel's Magic Scroll Boutique.
   295 | D:3      | Reached skill level 5 in Polearms
   295 | D:3      | Reached XP level 3. HP: 23/28 MP: 3/3
   350 | D:4      | Reached skill level 5 in Dodging
   350 | D:4      | Reached XP level 4. HP: 27/35 MP: 4/4
   421 | D:4      | Noticed an ogre
   447 | D:5      | Entered Level 5 of the Dungeon
   492 | D:5      | Reached skill level 6 in Polearms
   614 | D:6      | Reached XP level 5. HP: 41/41 MP: 5/5
   655 | D:6      | Paralysed by a giant eyeball for 3 turns
   682 | D:6      | Noticed a sky beast
   978 | D:7      | Reached skill level 7 in Polearms
   978 | D:7      | Reached XP level 6. HP: 27/48 MP: 6/6
  1049 | D:7      | Found an iron altar of Okawaru.
  1055 | D:7      | Found a shadowy altar of Dithmenos.
  1212 | D:7      | Found a flagged portal.
  1223 | Bailey   | Entered a bailey
  1397 | D:5      | Found a staircase to the Ecumenical Temple.
  1403 | Temple   | Entered the Ecumenical Temple
  1426 | Temple   | Noticed a shark
  1445 | Temple   | chei i miss you :(
  1457 | Temple   | Became a worshipper of Makhleb the Destroyer
  1492 | D:5      | Reached skill level 8 in Polearms
  1515 | D:4      | Reached XP level 7. HP: 46/54 MP: 7/7
  1519 | D:4      | Killed an ogre
  1539 | D:4      | Found Trot's Magic Scroll Emporium.
  1544 | D:4      | Bought a scroll of teleportation for 30 gold pieces
  1544 | D:4      | Bought a scroll of identify for 20 gold pieces
  1544 | D:4      | Bought a scroll of remove curse for 30 gold pieces
  1544 | D:4      | Bought a scroll of fog for 20 gold pieces
  1793 | D:7      | Acquired Makhleb's first power
  1842 | D:8      | Found a shadowy altar of Dithmenos.
  2000 | D:8      | Reached skill level 9 in Polearms
  2000 | D:8      | Reached skill level 1 in Armour
  2081 | D:8      | Noticed a wyvern
  2087 | D:8      | Killed a wyvern
  2087 | D:8      | Reached skill level 5 in Fighting
  2087 | D:8      | Reached XP level 8. HP: 60/62 MP: 8/8
  2148 | D:9      | Reached skill level 10 in Polearms
  2232 | D:8      | Acquired Makhleb's second power
  2416 | D:9      | Reached skill level 1 in Evocations
  2452 | D:9      | Reached skill level 11 in Polearms
  2452 | D:9      | Reached XP level 9. HP: 69/69 MP: 11/11
  2475 | D:9      | Paralysed by a giant eyeball for 4 turns
  2482 | D:9      | Paralysed by a giant eyeball for 2 turns
  2488 | D:9      | Paralysed by a giant eyeball for 3 turns
  2544 | D:10     | Entered Level 10 of the Dungeon
  2544 | D:10     | Found a staircase to the Orcish Mines.
  2554 | D:10     | Noticed an orc knight
  2740 | D:10     | Acquired Makhleb's third power
  2740 | D:10     | Reached skill level 12 in Polearms
  2765 | D:11     | HP: 1/71 [orc warrior/battleaxe (22)]
  2782 | D:11     | HP: 2/71 [centaur/arrow (4)]
  2783 | D:11     | Shot with an arrow by a centaur

Action                   |  1- 3 |  4- 6 |  7- 9 || total
-------------------------+-------+-------+-------++-------
Melee: Trident           |   102 |   108 |       ||   210
       Halberd           |       |    20 |   227 ||   247
Throw: Throwing net      |     3 |     8 |     2 ||    13
Evoke: Wand              |       |     2 |     1 ||     3
  Use: Potion            |     1 |     1 |     6 ||     8
       Scroll            |       |       |     5 ||     5
 Stab: Sleeping          |     1 |       |       ||     1
       Held in net/web   |       |     5 |     3 ||     8

Vault maps used:
D:1:      evilmike_arrival_crescent
D:2:      first_bread
D:3:      kennysheep_generic_room_13
D:4:      serial_shops, kennysheep_little_box,
          nicolae_shop_temple_entry_statues_fountains, kennysheep_mini_moat,
          st_stairs_1
D:5:      minmay_temple_entry_hall, grunt_ministairs_12
D:6:      kennysheep_mini
D:7:      minitemple, enter_bailey_2
D:8:      special_room, hangedman_tree_tricks, grunt_dithmenos_smoke_and_mirrors
D:9:      vehumet_statue
D:10:     orc_david_3, serial_shops, nicolae_shop_stone
D:11:     erik_lair_island, nemelex_deck
Temple:   circular_temple_pool_12
Bailey:   bailey_polearm_2, bailey
